Map: Frozen Temple

Players

Edwood

  • Race: Protoss Protoss
  • League: Bronze

CommanderLMo - Winner!

  • Race: Protoss Protoss
  • League: Silver

VOD

Have the link to the VOD?

Description

Time

  • Played on: April 27, 2016, 10:38 p.m.
  • Length: 20:39
Show
View Real Time Build Order
Export as new Build Order

Edwood Protoss 

Build Orders: 1 Gate Expand 

Get SALT Encoding   

  12  0:01  Probe (Chrono Boost)  
  13  0:12  Probe (Chrono Boost)  
  14  0:18  Pylon  
  14  0:23  Probe (Chrono Boost)  
  15  0:36  Probe (Chrono Boost)  
  15  0:40  Gateway  
  16  0:45  Assimilator  
  16  0:48  Probe (Chrono Boost)  
  17  0:59  Probe (Chrono Boost)  
  18  1:09  Probe (Chrono Boost)  
  19  1:20  Probe (Chrono Boost)  
  20  1:29  Nexus  
  20  1:30  Probe (Chrono Boost)  
  21  1:41  Probe (Chrono Boost)  
  21  1:44  Cybernetics Core  
  22  1:51  Probe (Chrono Boost)  
  23  1:59  Pylon  
  23  2:04  Assimilator  
  23  2:17  Probe (Chrono Boost)  
  26  2:22  Adept  
  26  2:27  Probe (Chrono Boost)  
  27  2:30  Gateway  
  27  2:38  Probe (Chrono Boost)  
  27  2:43  Gateway  
  28  2:45  Probe (Chrono Boost)  
  28  2:48  Probe (Chrono Boost)  
  30  2:58  Warp Gate  
  30  2:59  Probe (Chrono Boost)  
  31  3:10  Probe (Chrono Boost)  
  32  3:15  Stalker  
  34  3:20  Probe (Chrono Boost)  
  34  3:24  Stalker  
  37  3:31  Probe (Chrono Boost)  
  37  3:32  Pylon  
  37  3:33  Assimilator  
  38  3:35  Probe (Chrono Boost)  
  41  3:42  Mothership Core (Chrono Boost)  
  41  3:45  Probe (Chrono Boost), Stalker  
  44  3:53  Gateway  
  44  3:56  Probe (Chrono Boost)  
  44  4:00  Probe (Chrono Boost)  
  44  4:01  Gateway  
  46  4:06  Probe (Chrono Boost)  
  47  4:12  Stalker x2  
  47  4:15  Stalker  
  53  5:00  Pylon  
  53  5:02  Pylon  
  53  5:04  Pylon  
  53  5:06  Pylon  
  53  5:18  Stalker x4  
  61  5:22  Stalker  
  63  5:38  Nexus  
  63  5:48  Stalker x4  
  71  5:52  Stalker  
  73  6:00  Pylon  
  73  6:02  Pylon  
  73  6:05  Pylon, Probe x2 (Chrono Boost)  
  75  6:16  Probe x2 (Chrono Boost)  
  75  6:18  Stalker x4  
  83  6:22  Stalker  
  87  6:26  Probe x2 (Chrono Boost)  
  89  6:37  Probe (Chrono Boost)  
  90  6:41  Probe (Chrono Boost)  
  91  6:47  Probe (Chrono Boost)  
  91  6:48  Stalker x4  
  91  6:52  Probe (Chrono Boost)  
  101  6:58  Probe (Chrono Boost)  
  100  7:22  Stalker x3  
  104  7:23  Stalker x2  
  104  7:27  Probe (Chrono Boost)  
  109  7:38  Probe (Chrono Boost)  
  110  7:48  Probe (Chrono Boost)  
  110  7:58  Gateway  
  110  7:59  Gateway, Probe (Chrono Boost)  
  110  8:02  Gateway  
  110  8:03  Gateway  
  109  8:10  Probe (Chrono Boost)  
  100  8:25  Stalker x3  
  100  8:26  Stalker x2  
  100  8:39  Assimilator  
  98  8:55  Stalker x2  
  96  9:06  Stalker x3  
  102  9:25  Stalker x2  
  104  9:35  Stalker  
  104  9:36  Zealot x2  
  110  9:42  Probe (Chrono Boost)  
  111  9:49  Pylon  
  111  9:50  Pylon  
  111  9:52  Pylon, Probe (Chrono Boost)  
  102  9:54  Pylon  
  102  9:55  Zealot x2  
  102  9:56  Pylon  
  102  9:57  Pylon  
  104  10:03  Zealot x2, Probe (Chrono Boost)  
  104  10:06  Zealot  
  108  10:13  Probe (Chrono Boost)  
  97  10:22  Zealot x2  
  97  10:25  Zealot x2  
  97  10:26  Zealot  
  105  10:30  Zealot x2  
  105  10:33  Zealot  
  111  10:41  Gateway  
  111  10:42  Gateway  
  111  10:45  Assimilator  
  111  10:49  Zealot x2  
  105  10:57  Stalker x2  
  105  11:00  Stalker  
  105  11:16  Stalker x2  
  105  11:18  Stalker  
  101  11:19  Stalker x3  
  107  11:27  Stalker x2  
  107  11:30  Stalker  
  113  11:46  Stalker x2  
  117  11:57  Stalker x2  
  117  12:00  Stalker  
  111  12:16  Stalker x2  
  113  12:27  Stalker x2  
  105  12:30  Stalker  
  93  12:46  Stalker x2  
  97  12:57  Stalker x2  
  101  12:59  Stalker  
  101  13:02  Nexus  
  101  13:08  Assimilator  
  101  13:10  Assimilator  
  95  13:16  Stalker x2  
  91  13:27  Stalker x2  
  93  13:38  Stalker  
  89  13:46  Stalker x2  
  93  13:57  Stalker x2  
  87  14:08  Stalker  
  77  14:39  Stargate  
  77  14:40  Nexus  
  77  14:41  Stargate  
  77  14:52  Probe (Chrono Boost)  
  78  15:03  Probe (Chrono Boost)  
  79  15:11  Pylon  
  79  15:13  Pylon, Probe (Chrono Boost)  
  80  15:15  Probe (Chrono Boost)  
  80  15:16  Pylon  
  80  15:18  Pylon, Stalker x5  
  91  15:23  Stalker  
  91  15:24  Probe (Chrono Boost)  
  91  15:25  Probe (Chrono Boost)  
  95  15:32  Void Ray (Chrono Boost)  
  95  15:34  Probe (Chrono Boost)  
  100  15:35  Probe (Chrono Boost)  
  100  15:40  Void Ray (Chrono Boost)  
  105  15:45  Probe  
  105  15:48  Stalker x2  
  110  15:55  Probe  
  111  16:08  Robotics Facility  
  110  16:32  Stalker x3  
  114  16:33  Stalker x2  
  71  17:02  Stalker x3  
  71  17:03  Stalker x2  
  81  17:10  Stalker x3  
  81  17:14  Observer  
  88  17:19  Probe  
  85  17:32  Stalker x3  
  85  17:33  Stalker x2  
  90  17:45  Void Ray (Chrono Boost)  
  94  18:02  Stalker x4  
  94  18:03  Stalker  
  94  18:05  Void Ray (Chrono Boost)  
  92  18:32  Stalker x4  
  32  19:54  Stalker x5  
  42  20:24  Stalker x2  
Show
View Real Time Build Order
Export as new Build Order

CommanderLMo Protoss - Winner!

Build Orders: 1 Gate Expand, Double Forge 

Get SALT Encoding   

  12  0:01  Probe (Chrono Boost)  
  13  0:12  Probe (Chrono Boost)  
  14  0:27  Pylon  
  14  0:32  Probe (Chrono Boost)  
  15  0:45  Probe (Chrono Boost)  
  15  0:49  Gateway  
  16  0:56  Probe (Chrono Boost)  
  17  1:06  Probe (Chrono Boost)  
  18  1:18  Nexus  
  18  1:20  Probe (Chrono Boost)  
  19  1:31  Probe (Chrono Boost)  
  20  1:36  Assimilator  
  20  1:41  Assimilator  
  20  1:46  Pylon  
  20  1:51  Cybernetics Core  
  20  1:53  Probe (Chrono Boost)  
  21  2:11  Forge  
  21  2:15  Probe (Chrono Boost)  
  22  2:28  Forge  
  22  2:30  Probe (Chrono Boost)  
  22  2:33  Mothership Core (Chrono Boost)  
  25  2:45  Pylon  
  25  2:56  Probe (Chrono Boost)  
  25  2:57  Probe (Chrono Boost)  
  27  3:06  Protoss Ground Weapons Level 1  
  27  3:09  Photon Cannon  
  27  3:12  Probe x2 (Chrono Boost)  
  29  3:13  Warp Gate  
  29  3:28  Robotics Facility  
  29  3:33  Photon Cannon, Probe (Chrono Boost)  
  30  3:36  Probe (Chrono Boost)  
  31  3:41  Protoss Ground Armor Level 1  
  31  3:44  Probe (Chrono Boost)  
  31  3:46  Pylon  
  32  3:49  Assimilator  
  32  3:54  Probe (Chrono Boost)  
  33  3:58  Probe (Chrono Boost)  
  33  4:00  Stalker  
  36  4:08  Pylon  
  36  4:13  Probe x2 (Chrono Boost)  
  38  4:22  Observer  
  38  4:23  Photon Cannon  
  39  4:31  Gateway x2  
  39  4:41  Gateway  
  39  4:43  Pylon  
  39  4:44  Observer  
  40  5:03  Stalker  
  42  5:11  Twilight Council  
  42  5:20  Warp Prism  
  44  5:37  Robotics Bay  
  44  5:43  Pylon  
  44  5:46  Probe (Chrono Boost)  
  44  5:47  Probe (Chrono Boost)  
  46  6:02  Assimilator  
  46  6:08  Blink  
  46  6:16  Pylon  
  46  6:18  Pylon  
  46  6:20  Pylon  
  46  6:21  Photon Cannon  
  46  6:30  Photon Cannon  
  46  6:31  Photon Cannon  
  46  6:39  Extended Thermal Lance  
  46  6:52  Gateway  
  46  6:55  Pylon  
  46  7:01  Colossus (Chrono Boost)  
  50  7:22  Zealot x3  
  40  7:45  Probe  
  41  7:51  Zealot x3  
  41  7:57  Mothership Core  
  53  7:58  Colossus (Chrono Boost)  
  35  8:38  Zealot x3  
  40  8:53  Colossus (Chrono Boost)  
  38  9:07  Zealot x2  
  38  9:08  Zealot  
  44  9:39  Dark Shrine  
  34  10:25  Colossus (Chrono Boost)  
  34  10:26  Zealot x3  
  34  11:24  Nexus  
  34  11:27  Zealot x2  
  34  11:28  Zealot  
  40  11:35  Colossus (Chrono Boost)  
  37  12:17  Dark Templar x3  
  43  12:57  Probe  
  42  13:09  Probe  
  37  13:18  Zealot  
  39  13:29  Colossus (Chrono Boost)  
  39  13:55  Pylon  
  39  13:56  Pylon  
  39  14:00  Pylon  
  39  14:02  Pylon  
  37  14:27  Colossus (Chrono Boost)  
  43  14:49  Cybernetics Core  
  43  15:08  Dark Templar  
  45  15:38  Colossus (Chrono Boost)  
  51  15:43  Zealot  
  53  16:22  Zealot x2  
  53  16:23  Zealot x2  
  59  16:52  Zealot x4  
  61  17:13  Stalker x3  
  59  17:35  Stalker  
  59  17:50  Mothership Core  
  57  18:41  Dark Templar  
  57  18:43  Zealot  
  57  18:44  Zealot x2  
  65  18:54  Observer (Chrono Boost)  
  43  19:57  Zealot x4  
Tags
 
Add a new tag
Caveats
  • Supply blocks, unpowered buildings, or Contaminate may cause inaccurate times.
  • Supply counts are checked every 10 seconds.